Map: Incorporeal LE

Players

Sindyr - Winner!

  • Race: Zerg Zerg
  • League: Master
  • Spawn Location: 11:00

Etircopyh

  • Race: Protoss Protoss
  • League: Gold
  • Spawn Location: 5:00

VOD

Have the link to the VOD?

Description

Time

  • Played on: Oct. 21, 2025, 8:24 a.m.
  • Length: 15:56
Show
View Real Time Build Order
Export as new Build Order

Sindyr Zerg - Winner!

Build Orders: Hatch First 

Get SALT Encoding   

  12  0:05  Drone  
  13  0:17  Overlord  
  13  0:34  Drone  
  14  0:38  Drone  
  15  0:47  Drone, Hatchery  
  15  0:52  Drone  
  16  1:00  Drone  
  17  1:08  Drone  
  18  1:12  Extractor  
  18  1:18  Spawning Pool  
  16  1:19  Drone  
  17  1:29  Drone  
  18  1:41  Drone  
  19  2:03  Drone x3  
  19  2:06  Queen x2  
  26  2:13  Metabolic Boost  
  26  2:17  Overlord  
  26  2:30  Overlord  
  26  2:40  Zergling x8  
  30  2:48  Queen  
  32  2:51  Lair  
  32  2:54  Drone  
  32  2:58  Extractor  
  32  2:59  Drone  
  32  3:02  Drone  
  34  3:08  Zergling x4  
  34  3:10  Zergling x2  
  37  3:19  Zergling x2  
  38  3:20  Zergling x4  
  38  3:21  Zergling x2  
  41  3:29  Overlord  
  41  3:43  Drone x2  
  41  3:45  Drone  
  41  3:47  Drone x2  
  46  3:52  Roach Warren  
  46  3:55  Evolution Chamber, Drone x2  
  45  3:58  Drone  
  45  4:00  Drone  
  47  4:17  Zergling x2  
  47  4:18  Zergling x8  
  44  4:41  Drone x7  
  44  4:44  Overlord  
  50  4:50  Zerg Missile Weapons Level 1, Glial Reconstitution  
  50  4:52  Roach  
  51  4:54  Overlord  
  46  5:09  Hydralisk Den  
  46  5:12  Extractor x2  
  46  5:14  Hatchery, Roach  
  42  5:15  Roach x2  
  42  5:16  Roach  
  42  5:20  Roach  
  52  5:22  Roach  
  52  5:25  Roach  
  56  5:43  Evolution Chamber, Muscular Augments  
  56  5:49  Drone x2  
  58  5:50  Drone  
  58  5:51  Drone  
  58  5:52  Drone x2  
  61  6:02  Spore Crawler  
  60  6:13  Zerg Ground Armor Level 1  
  60  6:16  Overlord x2  
  60  6:17  Overlord  
  60  6:39  Queen  
  62  6:41  Drone x4  
  62  6:42  Drone x6  
  72  6:48  Drone x7  
  72  6:52  Zerg Missile Weapons Level 2  
  79  6:57  Grooved Spines  
  79  6:58  Infestation Pit  
  78  7:20  Hatchery  
  77  7:28  Hydralisk x6  
  89  7:41  Hive  
  89  7:47  Extractor  
  89  7:49  Extractor  
  87  8:09  Overlord x3  
  87  8:13  Drone x2  
  87  8:19  Drone  
  90  8:29  Zerg Ground Armor Level 2  
  90  8:43  Queen  
  90  8:45  Extractor  
  90  8:47  Drone x12  
  90  8:48  Drone x3  
  105  8:49  Drone x5  
  111  9:12  Overlord x2  
  111  9:13  Overlord  
  111  9:15  Zerg Missile Weapons Level 3  
  111  9:28  Hatchery  
  110  9:43  Extractor  
  110  9:44  Spore Crawler  
  108  9:53  Overseer x2  
  108  9:54  Pneumatized Carapace  
  108  9:57  Burrow  
  109  10:00  Drone x3  
  111  10:27  Unknown  
  111  10:48  Queen  
  111  10:49  Overlord x3  
  113  10:50  Overlord x4  
  113  11:08  Zerg Ground Armor Level 3  
  113  11:13  Spire, Overseer  
  113  11:17  Hydralisk x5  
  113  11:18  Hydralisk x21  
  128  11:19  Hydralisk x6, Roach x4  
  128  11:20  Roach x4  
  128  11:24  Hatchery  
  191  11:53  Zerg Melee Weapons Level 1  
  191  12:08  Overlord x4  
  173  12:23  Hydralisk  
  173  12:24  Roach x13, Hydralisk x4  
  173  12:25  Roach x4, Hydralisk x3  
  141  12:33  Zergling x2  
  141  12:34  Zergling x10  
  135  13:17  Hydralisk  
  135  13:18  Hydralisk x22  
  135  13:19  Hydralisk x6  
  181  13:20  Hydralisk x4  
  181  13:59  Extractor  
  180  14:04  Hydralisk  
  180  14:05  Hydralisk x7  
  180  14:06  Hydralisk x2  
  186  15:01  Roach x2  
  186  15:02  Roach x15, Hydralisk x4  
  186  15:03  Roach x3, Hydralisk x2  
  186  15:04  Roach x4, Hydralisk  
Show
View Real Time Build Order
Export as new Build Order

Etircopyh Protoss 

Build Orders:  

Get SALT Encoding   

  12  0:24  Pylon  
  12  0:28  Probe  
  13  0:40  Probe  
  14  0:46  Gateway  
  14  0:50  Assimilator  
  14  0:52  Probe  
  16  1:04  Probe  
  16  1:13  Probe  
  17  1:21  Probe  
  18  1:28  Zealot  
  18  1:30  Probe  
  18  1:36  Cybernetics Core  
  21  1:42  Probe  
  22  1:54  Probe  
  22  1:58  Nexus  
  23  2:08  Warp Gate  
  23  2:13  Assimilator  
  23  2:17  Pylon  
  23  2:30  Shield Battery  
  23  2:35  Probe  
  24  2:47  Probe  
  24  2:50  Gateway  
  25  2:51  Shield Battery  
  25  2:52  Sentry  
  27  3:04  Gateway  
  27  3:09  Shield Battery  
  27  3:10  Probe  
  28  3:14  Probe  
  29  3:23  Probe  
  30  3:33  Probe  
  31  3:36  Twilight Council  
  31  3:41  Probe  
  32  3:46  Probe  
  33  3:59  Sentry  
  33  4:01  Adept  
  37  4:03  Probe  
  37  4:06  Probe  
  39  4:12  Assimilator  
  39  4:15  Probe  
  40  4:22  Adept x2  
  38  4:41  Probe  
  38  4:42  Charge  
  38  4:43  Adept  
  38  4:44  Adept  
  43  4:48  Probe  
  43  4:51  Gateway  
  44  4:54  Probe  
  44  4:56  Gateway  
  43  5:02  Adept  
  45  5:08  Probe  
  46  5:15  Pylon  
  46  5:30  Pylon  
  46  5:33  Probe  
  47  5:39  Stargate  
  47  5:44  Sentry  
  47  5:46  Stalker, Gateway  
  47  5:47  Probe x2  
  53  5:51  Assimilator  
  53  5:55  Stalker  
  55  5:59  Probe  
  55  6:03  Probe  
  57  6:11  Probe  
  58  6:15  Probe  
  59  6:19  Sentry  
  59  6:23  Probe  
  62  6:38  Pylon  
  62  6:41  Pylon  
  62  6:44  Gateway  
  62  6:50  Templar Archives  
  62  6:56  Probe x2  
  68  7:02  Void Ray  
  68  7:05  Adept  
  68  7:06  Stalker  
  72  7:36  Robotics Facility  
  72  7:43  Forge  
  76  7:53  Void Ray  
  76  7:56  Stalker  
  78  7:59  Nexus  
  78  8:03  Pylon  
  78  8:20  Photon Cannon  
  78  8:21  Probe x2  
  78  8:22  Protoss Ground Weapons Level 1  
  78  8:23  Pylon  
  80  8:27  Photon Cannon  
  80  8:29  Photon Cannon  
  80  8:31  Stalker x2  
  80  8:34  Psionic Storm  
  88  8:47  Void Ray  
  88  8:54  Shield Battery  
  88  8:55  Pylon  
  88  9:05  Robotics Facility, Photon Cannon, Pylon  
  88  9:08  Observer  
  89  9:12  Probe x2  
  89  9:15  Probe  
  92  9:24  Probe x2  
  92  9:27  Immortal, Probe  
  99  9:32  Pylon  
  99  9:36  Probe  
  99  9:37  High Templar  
  99  9:38  High Templar x2  
  106  9:47  Photon Cannon  
  106  9:51  Probe x2  
  108  9:55  Assimilator  
  108  9:57  Assimilator  
  108  10:01  Stargate  
  108  10:02  Immortal  
  112  10:09  Shield Battery  
  112  10:10  High Templar  
  114  10:21  Pylon  
  114  10:23  Protoss Ground Armor Level 1  
  114  10:27  Photon Cannon  
  114  10:29  Pylon  
  114  10:38  Photon Cannon  
  114  10:40  Fleet Beacon  
  114  10:43  High Templar x2  
  118  10:51  Probe x2  
  120  11:13  Immortal  
  120  11:17  Observer  
  125  11:25  Tempest x2  
  133  11:29  Probe x2  
  135  11:36  Photon Cannon  
  135  11:38  Pylon  
  135  11:49  Pylon  
  135  11:50  Probe  
  136  11:57  Gateway  
  136  12:02  High Templar  
  136  12:05  High Templar  
  146  12:08  Carrier  
  146  12:15  Photon Cannon  
  99  12:37  Carrier  
  95  13:06  Zealot x2  
  95  13:07  Zealot x4  
  102  13:12  Carrier  
  90  13:26  Zealot  
  85  13:27  Zealot  
  87  13:42  Immortal x2  
  95  13:50  Gateway  
  95  13:53  Tempest  
  95  13:55  Pylon  
  99  13:56  Zealot x4  
  107  14:06  Gateway  
  107  14:13  High Templar x2  
  107  14:14  High Templar  
  113  14:21  Immortal x2  
  113  14:22  Photon Cannon  
  113  14:23  Photon Cannon  
  121  14:25  Pylon  
  121  14:30  Photon Cannon  
  121  14:39  High Templar  
  121  14:40  High Templar x2  
  98  15:00  Observer  
  98  15:01  Immortal  
  85  15:12  Zealot x5  
  77  15:18  Observer  
  74  15:23  Zealot x4  
  75  15:36  Zealot x2  
  75  15:37  Zealot  
Tags
 
Matchup
PvZ
Replay Pack
Multiplayer
Spawn Locations
Cross Positions
Add a new tag
Caveats
  • Supply blocks, unpowered buildings, or Contaminate may cause inaccurate times.
  • Supply counts are checked every 10 seconds.